AoeStats
← SeemsFishy

Black Forest

508953657Analyzed
4v4 RM · 6d ago on Sep 24, 2026· 37m 35s· 8 players
Game mode
Random Map
Map size
Large (8 player)
Population
200
Speed
Normal
Resources
Standard
Victory
Conquest
Starting age
Dark Age
Ending age
Imperial Age
RankedLock teamsTeams togetherTeam positionsShared explorationLock speedFull tech treeHidden civsTurbo modeCheats
Victory
Defeat
🇦🇹 Saracens · Austria
1519
+13
🇨🇭 Japanese · Switzerland
1502
+13
🇧🇷 Armenians · Brazil
1480
+14
🇬🇧 Georgians · United Kingdom
1398
+19
🇬🇧 Magyars · United Kingdom
1494
-17
🇨🇳 Slavs · China
1459
-15
🇺🇸 Burmese · United States
1445
-15
🇺🇸 Mongols · United States
1375
-12
Hamstring Cramp
0:38 Loom
12:07 Feudal Age
17:38 Castle Age
15:24 Double-Bit Axe
25:52 Bow Saw
28:30 Fletching
30:01 Murder Holes
leaftopjo
13:00 Feudal Age
16:35 Castle Age
14:26 Double-Bit Axe
18:31 Bow Saw
19:09 Fishing Lines
21:30 Wheelbarrow
21:22 Gillnets
25:31 Hand Cart
30:04 Imperial Age
27:21 Loom
27:31 Fletching
28:25 Bodkin Arrow
29:51 Thumb Ring
29:48 Padded Archer Armor
30:46 Bracer
32:22 Two-Man Saw
31:47 Bloodlines
31:38 Husbandry
30:58 Light Cavalry
34:32 Chemistry
33:53 Scale Barding Armor
33:38 Town Watch
34:44 Parthian Tactics
36:07 Horse Collar
36:00 Heavy Cavalry Archer
37:04 Ballistics
Yucatan_water_supremacy
0:38 Loom
17:59 Feudal Age
19:59 Double-Bit Axe
23:31 Town Watch
23:38 Fletching
29:21 Castle Age
28:23 Horse Collar
29:24 Wheelbarrow
28:54 Scale Mail Armor
30:46 Bow Saw
34:01 Bodkin Arrow
LiquidSteel71
7:19 Loom
11:21 Feudal Age
11:58 Horse Collar
18:02 Fishing Lines
23:16 Castle Age
21:28 Gold Mining
22:20 Bloodlines
22:22 Scale Barding Armor
24:38 Chain Barding Armor
24:30 Heavy Plow
24:44 Husbandry
24:49 Gillnets
26:01 Forging
28:10 Iron Casting
29:37 Devotion
29:51 Fletching
32:42 Bodkin Arrow
35:37 Wheelbarrow
34:47 Loom
35:04 Light Cavalry
mt
1:24 Loom
21:59 Feudal Age
23:41 Double-Bit Axe
23:37 Horse Collar
27:21 Castle Age
26:10 Fletching
28:30 Fishing Lines
29:37 Bodkin Arrow
29:52 Crossbowman
38:46 Wheelbarrow
38:22 Bow Saw
38:13 Heavy Plow
Joker
11:39 Feudal Age
17:13 Fishing Lines
18:31 Double-Bit Axe
19:09 Bloodlines
20:07 Scale Barding Armor
23:01 Forging
23:13 Loom
27:15 Castle Age
28:35 Husbandry
29:19 Iron Casting
32:50 Gold Mining
33:36 Wheelbarrow
33:13 Bow Saw
34:48 Chain Barding Armor
40:19 Imperial Age
SeemsFishy
1:02 Loom
11:02 Feudal Age
14:17 Double-Bit Axe
20:38 Castle Age
18:26 Fishing Lines
20:36 Horse Collar
21:30 Bow Saw
22:26 Scale Barding Armor
22:32 Forging
25:35 Gold Mining
27:16 Gillnets
28:08 Chain Barding Armor
29:17 Stone Mining
29:34 Heavy Plow
35:36 Imperial Age
33:18 Fletching
33:29 Padded Archer Armor
34:07 Bodkin Arrow
34:13 Elite Skirmisher
35:30 Wheelbarrow
36:10 Leather Archer Armor
36:45 Bracer
38:33 Parthian Tactics
BruToO
11:33 Feudal Age
15:15 Castle Age
13:28 Double-Bit Axe
15:34 Fishing Lines
20:57 Bow Saw
21:44 Scale Mail Armor
21:54 Gold Mining
22:42 Wheelbarrow
22:23 Town Watch
22:24 Loom
22:45 Squires
22:06 Man-at-Arms
23:11 Gambesons
22:49 Long Swordsman
23:40 Forging
24:17 Chain Mail Armor
23:44 Two-Handed Swordsman
28:26 Iron Casting
28:05 Arson
34:34 Imperial Age
32:26 Horse Collar
32:40 Pikeman
33:23 Champion
35:06 Gold Shaft Mining
34:40 Fletching
35:50 Plate Mail Armor
34:53 Capped Ram
35:48 Halberdier
37:30 Blast Furnace
Connection lost

Rejoining the realm…

Still unreachable

The connection could not be restored.

Session expired

The server has moved on; the page needs a fresh start.